 Dungeon Crawl Stone Soup version 0.26.0-45-g9c1d065592 (webtiles) character file.

Game seed: 17528548535940374414

1108 sahdkjhfkaj the Destroyer (level 8, -4/54 HPs)
             Began as a Human Conjurer on Jan 27, 2021.
             Slain by a gnoll (8 damage)
             ... on level 5 of the Dungeon.
             The game lasted 00:09:16 (7539 turns).

sahdkjhfkaj the Destroyer (Human Conjurer)          Turns: 7539, Time: 00:09:16

Health: -4/54      AC:  2    Str:  8    XL:     8   Next: 59%
Magic:  0/11       EV: 12    Int: 21    God:
Gold:   294        SH:  0    Dex: 11    Spells: 4/11 levels left

rFire    . . .     SeeInvis .   a - +1 rapier "Omiap" {venom, rPois}
rCold    . . .     Faith    .   (no shield)
rNeg     . . .     Spirit   .   u - +0 robe
rPois    +         Reflect  .   (no helmet)
rElec    .         Harm     .   (no cloak)
rCorr    .         Rampage  .   (no gloves)
Will     .....                  (no boots)
Stlth    ++........             (no amulet)
HPRegen  0.18/turn              (no ring)
MPRegen  0.12/turn              (no ring)

@: no status effects
A: no striking features
a: no special abilities


You were on level 5 of the Dungeon.
You visited 1 branch of the dungeon, and saw 5 of its levels.

You collected 294 gold pieces.

Inventory:

Hand Weapons
 a - the +1 rapier "Omiap" (weapon) {venom, rPois}
   (You found it on level 5 of the Dungeon)

   It poisons the flesh of those it strikes.
   It protects you from poison.
Armour
 u - a +0 robe (worn)
Jewellery
 c - an uncursed ring of stealth
Wands
 k - a wand of paralysis (8)
 r - a wand of enslavement (8)
Scrolls
 d - 4 scrolls of remove curse
 f - a scroll of brand weapon {unknown}
 g - 2 scrolls of amnesia
 h - a scroll of fear
 l - a scroll of enchant armour
 o - a scroll of magic mapping
 q - a scroll of noise
 t - a scroll of fog
 v - a scroll of enchant weapon {unknown}
Potions
 b - 3 potions of cancellation {unknown}
 e - 2 potions of curing
 i - a potion of lignification {unknown}
 j - a potion of ambrosia {unknown}
 m - a potion of brilliance {unknown}
 n - 2 potions of degeneration {unknown}
 p - a potion of attraction {unknown}
 s - a potion of heal wounds {unknown}
 w - a potion of mutation {unknown}


   Skills:
 - Level 1.0 Fighting
 - Level 1.0 Short Blades
 - Level 2.0 Dodging
 - Level 3.2 Stealth
 - Level 1.2 Unarmed Combat
 - Level 2.0 Spellcasting
 - Level 8.0 Conjurations
 + Level 5.5 Hexes


You had 4 spell levels left.
You knew the following spells:

 Your Spells              Type           Power        Failure   Level
a - Magic Dart            Conj           100%         1%          1
b - Searing Ray           Conj           70%          1%          2
c - Fulminant Prism       Conj/Hex       15%          9%          4

Your spell library contained the following spells:

 Spells                   Type           Power        Failure   Level
 Slow                     Hex            25%          2%          2
 Dazzling Flash           Conj/Hex       60%          2%          3
 Conjure Flame            Conj/Fire      18%          9%          3
 Mephitic Cloud           Conj/Pois/Air  13%          16%         3
 Blink                    Tloc           N/A          22%         2
 Call Imp                 Summ           2%           22%         2
 Iskenderun's Mystic Bla  Conj/Tloc      18%          28%         4


Dungeon Overview and Level Annotations

Branches:
Dungeon (5/15)
 Temple: D:4-7

Altars:
Elyvilon

Shops:
D:5 (=}=


Message History

Okay, then.
Casting: Magic Dart (safe; 1% risk of failure)
Confirm with . or Enter, or press ? or * to list all spells.
Aiming: Magic Dart (safe; 1% risk of failure)
Press: ? - help, Shift-Dir - straight line, f/p - gnoll
Aim: a gnoll, quivering 3 boomerangs (severely wounded, 0% to evade)
The magic dart hits the gnoll.
The gnoll is severely wounded.
The gnoll throws a boomerang.
The boomerang barely misses you.
You feel better.
The gnoll throws a boomerang.
The boomerang misses you.
The weapon returns to the gnoll!
The gnoll closely misses you.
You closely miss the gnoll.
The gnoll is severely wounded.
The gnoll hits you!
* * * LOW HITPOINT WARNING * * *
You hit the gnoll but do no damage.
The gnoll is poisoned.
The gnoll is severely wounded.
The gnoll hits you!
You die...

#.# ###.)....... #.#
###............ #.#
....≈≈≈≈≈≈≈≈≈≈≈ #.#
#...≈≈$...()..≈≈
#)##..≈≈≈.....##...≈
#....≈≈......# ##g..
#.†.)≈......# ##..
#..†(....... ..
#..@....... ..
#..g.....##
#....≈..## #....≈.##
#....≈.# ###..≈..
#..≈... #..≈....


You could see a gnoll (poisoned).

Vanquished Creatures
  A black bear (D:4)
  3 gnoll sergeants (D:5)
  A howler monkey (D:4)
  7 hounds
  2 gnoll shamans (D:5)
  3 worker ants
  2 bullfrog skeletons
  2 hound zombies (D:5)
  22 gnolls
  5 adders
  An ooze (D:5)
  3 adder skeletons (D:4)
  An adder zombie (D:5)
  A worm (D:2)
  2 dart slugs (D:1)
  5 leopard geckos
  9 orcs
  A ball python (D:4)
  9 giant cockroaches
  4 goblins
  7 hobgoblins
  9 jackals (D:5)
  4 kobolds
  3 quokkas
  5 bats
  2 frilled lizards
  A leopard gecko skeleton (D:5)
  2 rats (D:2)
117 creatures vanquished.

Vanquished Creatures (others)
  A quokka (D:5)
  A fulminant prism (D:5)
2 creatures vanquished.

Grand Total: 119 creatures vanquished

Notes
Turn   | Place    | Note
-------+----------+-------------------------------------------
     0 | D:1      | sahdkjhfkaj the Human Conjurer began the quest for the Orb.
     0 | D:1      | Reached XP level 1. HP: 13/13 MP: 3/3
   229 | D:1      | Reached XP level 2. HP: 11/19 MP: 0/5
   351 | D:1      | Learned a level 2 spell: Searing Ray
   770 | D:1      | Reached XP level 3. HP: 24/24 MP: 4/6
  1083 | D:1      | Reached skill level 5 in Conjurations
  1463 | D:2      | Reached skill level 1 in Unarmed Combat
  1699 | D:2      | Reached XP level 4. HP: 30/30 MP: 0/7
  1799 | D:2      | Reached skill level 1 in Short Blades
  2053 | D:3      | Reached skill level 1 in Fighting
  2920 | D:4      | Reached XP level 5. HP: 25/37 MP: 0/8
  2958 | D:4      | Reached skill level 1 in Hexes
  3791 | D:4      | Learned a level 4 spell: Fulminant Prism
  3973 | D:4      | Reached XP level 6. HP: 43/43 MP: 1/9
  4051 | D:4      | Noticed a black bear
  4058 | D:4      | Killed a black bear
  4059 | D:4      | Reached skill level 6 in Conjurations
  4461 | D:5      | Entered Level 5 of the Dungeon
  4484 | D:5      | Reached XP level 7. HP: 46/48 MP: 4/10
  5107 | D:5      | Reached skill level 7 in Conjurations
  5204 | D:5      | Found Cunyoh's Antique Weapon Shop.
  5205 | D:5      | Found Eheppiwkeo's Jewellery Shop.
  5205 | D:5      | Found Giudi Beu's Gadget Shop.
  5294 | D:5      | Found Uniteol's Jewellery Shop.
  5484 | D:5      | Got a smoking rapier
  5484 | D:5      | Identified the cursed +1 rapier "Omiap" {venom, rPois} (You
                  | found it on level 5 of the Dungeon)
  5522 | D:5      | Found a white marble altar of Elyvilon.
  5889 | D:5      | Reached XP level 8. HP: 35/54 MP: 2/11
  6057 | D:5      | Reached skill level 8 in Conjurations
  7412 | D:5      | Reached skill level 5 in Hexes
  7539 | D:5      | Slain by a gnoll

Illustrated notes

Levels and vault maps discovered:
D:1:      ncdulo_halloftheorcs, layout_rooms, minmay_worlds_worst_comb
D:2:      layout_rooms
D:3:      layout_loops_corners
D:4:      layout_loops_cross, gup_sewer_entry_pipe, kennysheep_flooded_box
D:5:      layout_cave_pools, serial_gnoll_camp, gnoll_camp_huts_moat,
          gnoll_camp_mini_basic, gnoll_camp_mini_hut, gnoll_camp_medium_02,
          minmay_shop_grid_forest, elyvilon_altar_4

Skill      XL: |  1  2  3  4  5  6  7  8 |
---------------+-------------------------+-----
Conjurations   | 5 6 7 8 |  8.0
Unarmed Combat | 1 |  1.2
Short Blades   | 1 |  1.0
Fighting       | 1 |  1.0
Stealth        | 3 |  3.2
Hexes          | 1 3 5 |  5.5
Dodging        | |  2.0
Spellcasting   | |  2.0

Action                   |  1- 3 |  4- 6 |  7- 9 || total
-------------------------+-------+-------+-------++-------
Melee: Dagger            |    29 |    18 |     6 ||    53
       Rapier            |       |       |    17 ||    17
 Cast: Magic Dart        |    62 |    89 |   193 ||   344
       Searing Ray       |     2 |     3 |    11 ||    16
       Fulminant Prism   |       |       |     1 ||     1
  Use: Potion            |       |     2 |     1 ||     3
       Scroll            |       |    10 |     1 ||    11
 Stab: Sleeping          |       |     1 |       ||     1
Armor: Robe              |     8 |     3 |    18 ||    29
Dodge: Dodged            |    20 |    29 |    83 ||   132
